 Dungeon Crawl Stone Soup version 0.30-a0-782-ge64f9170bb (webtiles) character file.

Game seed: 191714619222990972

1444 Dirtsage the Martial Artist (level 8, 0/54 HPs)
             Began as an Octopode Monk on Feb 26, 2023.
             Was a Believer of Cheibriados.
             Slain by a sky beast (6 damage)
             ... on level 6 of the Dungeon.
             The game lasted 00:12:36 (5957 turns).

Dirtsage the Martial Artist (Octopode Monk)         Turns: 5957, Time: 00:12:37

Health: 0/54       AC:  1    Str: 14    XL:     8   Next: 74%
Magic:  8/8        EV: 19    Int: 16    God:    Cheibriados [**....]
Gold:   410        SH:  0    Dex: 21    Spells: 1/7 levels left

rFire   . . .      SeeInvis .      - Unarmed
rCold   . . .      Faith    .    (no shield)
rNeg    . . .      Spirit   .    (helmet restricted)
rPois   .          Reflect  .    (no amulet)
rElec   .          Harm     .    w - +5 ring of evasion
rCorr   .          Rampage  .    (no ring)
Will    .....                    (no ring)
Stlth   ++++                     (no ring)
HPRegen 0.29/turn                (no ring)
MPRegen 0.11/turn                (no ring)
                                 (no ring)
                                 (no ring)

@: very slow
A: almost no armour, amphibious, 8 rings, camouflage 1, gelatinous body 1,
(nimble swimmer 1), tentacles
a: Renounce Religion, Bend Time


You were on level 6 of the Dungeon.
You worshipped Cheibriados.
Cheibriados was pleased with you.
You visited 1 branch of the dungeon, and saw 6 of its levels.

You collected 410 gold pieces.

Inventory:

Missiles
 j - 2 curare-tipped darts (quivered)
 r - a throwing net
Magical Staves
 u - a staff of cold
Jewellery
 w - a +5 ring of evasion (left tentacle)
 z - a ring of ice
Wands
 s - a wand of flame (18)
 D - a wand of digging (7)
Scrolls
 b - 2 scrolls of acquirement {unknown}
 c - 2 scrolls of vulnerability {unknown}
 d - 3 scrolls of teleportation {unknown}
 e - 2 scrolls of enchant armour {unknown}
 f - a scroll of fear {unknown}
 g - 3 scrolls of identify {unknown}
 k - 2 scrolls of magic mapping {unknown}
 m - a scroll of immolation {unknown}
 o - a scroll of noise {unknown}
 p - a scroll of brand weapon {unknown}
 t - 2 scrolls of amnesia {unknown}
 y - a scroll of enchant weapon {unknown}
Potions
 a - a potion of ambrosia
 h - a potion of haste
 i - a potion of mutation {unknown}
 l - 2 potions of heal wounds
 n - 2 potions of degeneration {unknown}
 q - a potion of might {unknown}
 v - a potion of cancellation {unknown}
 x - a potion of invisibility {unknown}
 A - 2 potions of resistance {unknown}


   Skills:
 + Level 3.8 Fighting
 - Level 3.0 Dodging
 - Level 2.6 Stealth
 + Level 9.4 Unarmed Combat
 * Level 3.2 Transmutations
 * Level 3.3 Earth Magic


You had one spell level left.
You knew the following spells:

 Your Spells              Type           Power      Damage    Failure   Level
a - Statue Form           Tmut/Erth      6%         N/A       100%        6

Your spell library contained the following spells:

 Spells                   Type           Power      Damage    Failure   Level
 Ignite Poison            Fire/Tmut/Pois 3%         N/A       45%         3
 Kindle Blastsparks       Fire/Tloc/Air  0%         2d10      58%         3
 Leda's Liquefaction      Hex/Erth       2%         N/A       78%         4
 Lee's Rapid Deconstruct  Erth           5%         3d6*      88%         5
 Freezing Cloud           Conj/Ice/Air   0%         6-21      100%        5


Dungeon Overview and Level Annotations

Branches:
Dungeon (6/15)
 Temple: D:4-7

Altars:
Cheibriados

Annotations:
D:4 1 runed translucent door, Crazy Yiuf


Innate Abilities, Weirdness & Mutations

You cannot wear most types of armour.
You are amphibious.
You can wear up to eight rings at the same time.
Your skin changes colour to match your surroundings (Stealth+).
Your rubbery body absorbs attacks. (AC +1, EV +1)
((You are camouflaged when in or above water. (Stealth+)))
You have tentacles for arms and can constrict up to eight enemies at once.


Message History

A - 2 purple potions (gained 1)
A sky beast comes into view.
The sky beast moves out of view.
A sky beast and a scorpion come into view.
There is a stone staircase leading down here.
Throw: 4 darts (curare)
Press: ? - help, Shift-Dir - straight line, f - sky beast
Aim: a sky beast (53% to hit)
You throw a curare-tipped dart.
The curare-tipped dart barely misses the sky beast.
Throw: 3 darts (curare)
Press: ? - help, Shift-Dir - straight line, f/p - sky beast
Aim: a sky beast (53% to hit)
You throw a curare-tipped dart.
The curare-tipped dart closely misses the sky beast.
The sky beast hits you. The sky beast shocks you.
You take 11 damage, and have 43/54 hp.
MASSIVE DAMAGE!!
You barely miss the sky beast. Your squeeze misses the sky beast.
The sky beast flickers out of sight!
Deactivating autopickup; reactivate with Ctrl-A.
Something hits you. Something shocks you.
You take 6 damage, and have 37/54 hp.
You closely miss something. Your squeeze misses something.
You tentacle-slap something but do no damage.
Something hits you. Something shocks you.
You take 10 damage, and have 27/54 hp.
Something hits you. Something shocks you.
You take 9 damage, and have 18/54 hp.
Something hits you but does no damage. Something hits you.
* * * LOW HITPOINT WARNING * * *
Something shocks you.
* * * LOW HITPOINT WARNING * * *
You take 9 damage, and have 9/54 hp.
A sky beast appears from thin air!
Reactivating autopickup.
The sky beast attacks as you move away! The sky beast hits you.
* * * LOW HITPOINT WARNING * * *
The sky beast shocks you.
You die...

#.# #)# #.......# #)#
#.......# #)#
#.......# #)#
#.......# #.#
#.......# #.#
#...<...###### #.#
#............. #.#
#...@........ #.#
#..sY........ #.#
#....ยง..#### #.#
##.......# .
#.####........####....
#............>.......(
######........####....
#........# .
#........#


You could see a sky beast and a scorpion.

Vanquished Creatures
  Sigmund (D:4)
  Eustachio (D:5)
  A water moccasin (D:5)
  A sky beast (D:5)
  An ogre (D:3)
  2 centaurs
  A phantom (D:5)
  A kobold brigand (D:6)
  A scorpion (D:4)
  2 hounds
  Natasha (thrice) (D:4)
  3 orc wizards
  11 gnolls (D:4)
  4 adders
  A worm (D:5)
  11 orcs
  6 bats
  7 endoplasms
  3 giant cockroaches
  33 goblins
  25 hobgoblins
  6 jackals
  11 kobolds
  3 quokkas
  2 ball pythons
  4 frilled lizards
  7 rats
152 creatures vanquished.

Notes
Turn   | Place    | Note
-------+----------+-------------------------------------------
     0 | D:1      | Dirtsage the Octopode Monk began the quest for the Orb.
     0 | D:1      | Reached XP level 1. HP: 16/16 MP: 1/1
   181 | D:1      | Reached XP level 2. HP: 21/21 MP: 2/2
   370 | D:1      | Found a faded altar of an unknown god.
   578 | D:2      | Reached skill level 4 in Unarmed Combat
   634 | D:2      | Reached XP level 3. HP: 24/26 MP: 3/3
   948 | D:2      | Reached XP level 4. HP: 22/31 MP: 4/4
  1376 | D:3      | Reached skill level 5 in Unarmed Combat
  1784 | D:3      | Noticed an ogre
  1789 | D:3      | Killed an ogre
  1790 | D:3      | Reached skill level 6 in Unarmed Combat
  1790 | D:3      | Reached XP level 5. HP: 36/36 MP: 5/5
  2509 | D:4      | Noticed a centaur
  2518 | D:4      | Killed a centaur
  2519 | D:4      | Reached XP level 6. HP: 34/42 MP: 6/6
  2717 | D:4      | Reached skill level 7 in Unarmed Combat
  2765 | D:4      | Noticed Natasha
  2769 | D:4      | Killed Natasha
  2819 | D:4      | Noticed Sigmund
  2866 | D:4      | Killed Sigmund
  2867 | D:4      | Reached XP level 7. HP: 5/46 MP: 7/7
  3239 | D:4      | Reached skill level 8 in Unarmed Combat
  3361 | D:4      | Found a runed translucent door.
  3362 | D:4      | Noticed Crazy Yiuf
  3746 | D:4      | Noticed Natasha
  3752 | D:4      | Killed Natasha
  4336 | D:4      | Reached skill level 9 in Unarmed Combat
  4378 | D:4      | Noticed Natasha
  4545 | D:4      | Killed Natasha
  4772 | D:5      | Entered Level 5 of the Dungeon
  4789 | D:5      | Learned a level 6 spell: Statue Form
  4812 | D:5      | Reached skill level 1 in Transmutations
  4812 | D:5      | Reached skill level 1 in Earth Magic
  4812 | D:5      | Reached XP level 8. HP: 44/52 MP: 8/8
  5224 | D:5      | Found a snail-covered altar of Cheibriados.
  5224 | D:5      | Noticed Eustachio
  5232 | D:5      | Killed Eustachio
  5240 | D:5      | Became a worshipper of Cheibriados the Contemplative
  5240 | D:5      | Reached * piety under Cheibriados
  5240 | D:5      | Reached ** piety under Cheibriados
  5957 | D:6      | Slain by a sky beast

Illustrated notes

Levels and vault maps discovered:
D:1:      dpeg_arrival_houses_and_road, layout_basic,
          hellmonk_ecumenical_altar_leap_of_faith,
          chequers_serial_rivers_micro_a
D:2:      layout_loops_cross, minivault_14
D:3:      layout_basic
D:4:      minmay_goblin_kobold_castle, layout_basic, uniq_natasha, uniq_sigmund,
          uniq_crazy_yiuf_cottage
D:5:      layout_loops_ring, slow_altar_1, minmay_misc_feat_nine_boxes,
          hangedman_decor_growths, uniq_eustachio
D:6:      layout_basic, nicolae_dithmenos_the_darkroom,
          kennysheep_generic_room_16

Skill      XL: |  1  2  3  4  5  6  7  8 |
---------------+-------------------------+-----
Unarmed Combat | 4 6 7 9 |  9.4
Transmutations | 1 3 |  3.2
Earth Magic    | 1 3 |  3.3
Fighting       | |  3.8
Dodging        | |  3.0
Stealth        | |  2.6

Action                     |  1- 3 |  4- 6 |  7- 9 || total
---------------------------+-------+-------+-------++-------
  Melee: Unarmed           |    62 |    95 |   192 ||   349
         Constrict         |    15 |    19 |    45 ||    79
         Tentacles         |     6 |    22 |    40 ||    68
         Punch             |     4 |     5 |    10 ||    19
  Throw: Dart              |       |     6 |     2 ||     8
    Use: Potion            |       |       |     2 ||     2
   Stab: Sleeping          |     7 |    10 |     1 ||    18
         Distracted        |       |       |     1 ||     1
 Armour: Skin              |     3 |     9 |    14 ||    26
  Dodge: Dodged            |    33 |    61 |   124 ||   218

Table legend: (Time is in decaauts)
 A = Elapsed time spent in this place.
 B = Non-inter-level travel time spent in this place.
 C = Inter-level travel time spent in this place.
 D = Time resting spent in this place.
 E = Time spent auto-exploring this place.
 F = Levels seen in this place.
 G = Mean time per level.
                   A        B        C        D        E       F      G
               +--------+--------+--------+--------+--------+-----+--------+
         Total |   6117 |   5973 |    144 |    305 |   4400 |   6 | 1019.5 |
       Dungeon |   6117 |   5973 |    144 |    305 |   4400 |   6 | 1019.5 |
               +--------+--------+--------+--------+--------+-----+--------+

Top non-repeatable levels by time:
     D:4: 2345 daAuts
     D:5: 1170 daAuts
     D:3: 1023 daAuts
     D:2: 780 daAuts
     D:1: 567 daAuts
     D:6: 229 daAuts
